 Dungeon Crawl Stone Soup version 0.28.0-45-g0d030f2227 (webtiles) character file.

Game seed: 5789322305121979514

3014 pkoi the Twirler (level 9, -1/68 (71) HPs)
             Began as a Demigod Gladiator on Apr 8, 2022.
             Slain by a wight
             ... wielding a +4 war axe
              (4 damage)
             ... on level 8 of the Dungeon.
             The game lasted 00:10:14 (9051 turns).

pkoi the Twirler (Demigod Gladiator)                Turns: 9051, Time: 00:10:14

HP:   -1/68 (71)    AC:  7    Str: 21    XL:     9   Next: 30%
MP:   16/16         EV: 14    Int: 22    God:
Gold: 256           SH:  0    Dex: 15    Spells: 10/14 levels left

rFire   . . .      SeeInvis .   a - +1 quarterstaff (spect)
rCold   . . .      Faith    .   (shield currently unavailable)
rNeg    + . .      Spirit   .   b - +0 leather armour
rPois   .          Reflect  .   c - +0 helmet
rElec   +          Harm     .   h - +0 cloak of Salvation {rElec rN+}
rCorr   .          Rampage  .   (no gloves)
Will    .....                   l - +1 pair of boots
Stlth   +.........              (no amulet)
HPRegen 0.21/turn               f - ring of wizardry
MPRegen 0.15/turn               D - +6 ring of strength

@: lightly drained
A: high MP 1, forlorn, divine attributes
a: no special abilities


You were on level 8 of the Dungeon.
You visited 1 branch of the dungeon, and saw 8 of its levels.

You collected 424 gold pieces.
You spent 168 gold pieces at shops.

Inventory:

Hand Weapons
 a - a +1 spectral quarterstaff (weapon)
 g - a +1 whip of electrocution
 o - a +2 dagger of venom
 p - a +0 lajatang
Missiles
 d - 3 throwing nets
 k - 11 poisoned darts (quivered)
Armour
 b - a +0 leather armour (worn)
 c - a +0 helmet (worn)
 h - the +0 cloak of Salvation (worn) {rElec rN+}
   (You acquired it on level 3 of the Dungeon)

   rElec:     It insulates you from electricity.
   rN:        It protects you from negative energy.
 l - a +1 pair of boots (worn)
Jewellery
 f - a ring of wizardry (left hand)
 n - a ring of ice
 t - a ring of positive energy
 u - a ring of magical power
 y - a ring of ice
 z - a ring of fire
 D - a +6 ring of strength (right hand)
Wands
 C - a wand of paralysis (7)
Scrolls
 e - 12 scrolls of identify
 i - 2 scrolls of amnesia
 r - a scroll of fog {unknown}
 v - a scroll of blinking
 w - a scroll of fear
 A - 2 scrolls of teleportation
Potions
 j - 2 potions of lignification
 m - a potion of brilliance {unknown}
 q - 2 potions of mutation
 s - a potion of cancellation
 x - a potion of resistance {unknown}
 B - a potion of degeneration {unknown}


   Skills:
 - Level 4.0 Fighting
 * Level 7.6 Staves
 - Level 1.7 Throwing
 - Level 5.0 Dodging
 + Level 3.0 Spellcasting
 + Level 3.3 Translocations
 + Level 3.4 Transmutations
 + Level 3.4 Fire Magic
 + Level 3.3 Poison Magic


You had 10 spell levels left.
You knew the following spells:

 Your Spells              Type           Power      Damage    Failure   Level
a - Apportation           Tloc           34%        N/A       1%          1
b - Ignite Poison         Fire/Tmut/Pois 18%        N/A       4%          3

Your spell library contained the following spells:

 Spells                   Type           Power      Damage    Failure   Level
 Foxfire                  Conj/Fire      40%        2x1d6     2%          1
 Passwall                 Tmut/Erth      9%         N/A       4%          2
 Gell's Gravitas          Tloc           17%        N/A       4%          3
 Lesser Beckoning         Tloc           17%        N/A       4%          3
 Teleport Other           Tloc           17%        N/A       4%          3
 Animate Skeleton         Necr           6%         N/A       6%          1
 Sandblast                Erth           6%         2d5       6%          1
 Summon Small Mammal      Summ           12%        N/A       6%          1
 Conjure Flame            Conj/Fire      10%        6-21      9%          3
 Inner Flame              Hex/Fire       10%        N/A       9%          3
 Portal Projectile        Hex/Tloc       20%        N/A       9%          3
 Mephitic Cloud           Conj/Pois/Air  8%         N/A       11%         3
 Call Canine Familiar     Summ           3%         N/A       16%         3
 Stone Arrow              Conj/Erth      6%         3d7       16%         3
 Summon Guardian Golem    Hex/Summ       3%         N/A       16%         3
 Flame Wave               Conj/Fire      10%        2d5       26%         4
 Alistair's Intoxication  Tmut/Pois      12%        N/A       34%         5
 Blade Hands              Tmut           9%         N/A       34%         5
 Excruciating Wounds      Necr           1%         N/A       80%         5
 Freezing Cloud           Conj/Ice/Air   1%         6-21      80%         5
 Disjunction              Tloc           8%         N/A       100%        8
 Polar Vortex             Ice            1%         N/A       100%        9


Dungeon Overview and Level Annotations

Branches:
Dungeon (8/15)             Temple (0/1) D:4
   Lair: D:8-11

Shops:
D:2 *   D:8 [?


Innate Abilities, Weirdness & Mutations

You have an increased reservoir of magic. (+10% MP)
You shall have no god before yourself.
Your divine heritage dramatically boosts your attributes as you level up.


Message History

You partially resist.
You feel drained.
* * * LOW HITPOINT WARNING * * *
The wight closely misses your +1 spectral quarterstaff.
The wight misses your +1 spectral quarterstaff.
You hit the wight.
You destroy the wight!
The wight closely misses you.
Unknown command.
You hit the wight but do no damage.
Your +1 spectral quarterstaff hits the wight.
The wight misses you.
The wight hits your +1 spectral quarterstaff with a +4 war axe.
Your spectral weapon shares its damage with you!
* * * LOW HITPOINT WARNING * * *
Unknown command.
You closely miss the wight.
The wight is moderately damaged.
Your +1 spectral quarterstaff barely misses the wight.
The wight hits you with a +4 war axe.
* * * LOW HITPOINT WARNING * * *
You partially resist.
You feel drained.
The wight completely misses your +1 spectral quarterstaff.
You hit the wight.
The wight is heavily damaged.
Your +1 spectral quarterstaff hits the wight.
Unknown command.
You hit the wight but do no damage.
The wight is severely damaged.
Your +1 spectral quarterstaff hits the wight.
The wight closely misses your +1 spectral quarterstaff.
The wight hits you with a +4 war axe.
* * * LOW HITPOINT WARNING * * *
You partially resist.
You feel drained.
You closely miss the wight.
The wight is severely damaged.
Your +1 spectral quarterstaff hits the wight.
The wight hits your +1 spectral quarterstaff with a +4 war axe.
Your spectral weapon shares its damage with you!
The wight hits you with a +4 war axe.
You die...

###### ###..### . ##
###..### ". .######....#
... ..##...∩...# ....
..#.....####### .....
....##..##....#####...[..
....##...####...@(.......
.######..#.....))z....###
...# ##.#.############
##.# #.#.# ∩'.# #.#.#
#### #.#.####### o.#
#.......... W.#
###.####### .o# #.#


You could see a wight and a friendly +1 spectral quarterstaff (summoned).

Vanquished Creatures
  A wraith (D:7)
  Eustachio (D:6)
  2 black bears
  An ice beast (D:5)
  A necrophage (D:6)
  An orc warrior (D:6)
  2 ogres
  A centaur (D:6)
  A bullfrog (D:6)
  5 scorpions
  A water moccasin skeleton (D:4)
  9 killer bees
  8 wights
  3 howler monkeys (D:7)
  A bullfrog zombie (D:5)
  A centaur zombie (D:7)
  A jelly (D:4)
  4 orc priests
  2 hounds
  A gnoll shaman (D:6)
  4 bullfrog skeletons
  3 iguanas
  2 orc wizards
  Terence (D:2)
  4 gnolls
  4 adders
  A shadow imp (D:4)
  A white imp (D:6)
  3 ufetubi
  A worm (D:3)
  An adder skeleton (D:4)
  2 dart slugs
  13 orcs
  9 endoplasms
  4 giant cockroaches
  11 goblins
  8 hobgoblins
  5 jackals
  8 kobolds
  3 quokkas
  7 ball pythons
  4 bats
  11 rats
157 creatures vanquished.

Notes
Turn   | Place    | Note
-------+----------+-------------------------------------------
     0 | D:1      | pkoi the Demigod Gladiator began the quest for the Orb.
     0 | D:1      | Reached XP level 1. HP: 17/17 MP: 3/3
   325 | D:1      | Reached skill level 3 in Staves
   325 | D:1      | Reached XP level 2. HP: 10/24 MP: 4/4
  1448 | D:1      | Reached XP level 3. HP: 29/29 MP: 5/5
  1542 | D:2      | Found Holu's Assorted Antiques.
  2349 | D:2      | Noticed Terence
  2531 | D:2      | Killed Terence
  2532 | D:2      | Reached XP level 4. HP: 35/37 MP: 6/6
  2760 | D:2      | Reached skill level 4 in Staves
  3125 | D:2      | Learned a level 1 spell: Apportation
  3150 | D:3      | Reached XP level 5. HP: 44/44 MP: 7/7
  3447 | D:3      | Identified a scroll of acquirement
  3447 | D:3      | Acquired the +0 cloak of Salvation {rElec rN+}
  3915 | D:4      | Noticed an ogre
  3916 | D:4      | Found a staircase to the Ecumenical Temple.
  3926 | D:3      | Killed an ogre
  3984 | D:4      | Reached skill level 5 in Staves
  3984 | D:4      | Reached XP level 6. HP: 50/51 MP: 8/8
  4497 | D:4      | Learned a level 3 spell: Ignite Poison
  5482 | D:5      | Entered Level 5 of the Dungeon
  5520 | D:5      | Got the Grimoire of Quantum Ice
  5602 | D:5      | Reached XP level 7. HP: 58/58 MP: 10/10
  5721 | D:5      | Reached skill level 1 in Transmutations
  6011 | D:5      | Reached skill level 1 in Translocations
  6011 | D:5      | Reached skill level 1 in Fire Magic
  6011 | D:5      | Reached skill level 1 in Poison Magic
  6233 | D:5      | Reached skill level 1 in Spellcasting
  6550 | D:6      | Reached skill level 6 in Staves
  6792 | D:6      | Reached XP level 8. HP: 66/66 MP: 11/13
  6905 | D:6      | Noticed Eustachio
  6922 | D:6      | Killed Eustachio
  7433 | D:7      | Reached skill level 5 in Dodging
  7964 | D:7      | Reached skill level 7 in Staves
  8189 | D:7      | Reached XP level 9. HP: 71/71 MP: 16/16
  8976 | D:8      | Found Qaitihoh's Antique Armour Boutique.
  8987 | D:8      | Bought a dazzling leather armour for 168 gold pieces
  8987 | D:8      | Identified the +0 leather armour "Reigi" {Harm} (You bought
                  | it in a shop on level 8 of the Dungeon)
  8991 | D:8      | Found Rurisur's Magic Scroll Boutique.
  9050 | D:8      | HP: 2/69 [wight/+4 war axe (6)]
  9051 | D:8      | Slain by a wight

Illustrated notes

Levels and vault maps discovered:
D:1:      giann_horns, layout_loops_cross, shapermc_ecumenical_altar_hornbeckon,
          serial_forest, infiniplex_forest_3_way, infiniplex_forest_diagonal,
          infiniplex_forest_lined_corner, infiniplex_forest_end_2,
          hangedman_decor_lopped, minmay_misc_feat_enclosed, minmay_vboxes
D:2:      layout_rooms, serial_shops, shop, minmay_fractal_squares_5,
          uniq_terence
D:3:      layout_loops_ring
D:4:      layout_layer_cave, minmay_temple_entry_offerings, feat_on_display
D:5:      layout_loops_ring, moated_statue
D:6:      layout_loops_cross, uniq_eustachio
D:7:      layout_cave_pools
D:8:      layout_loops_ring, erik_lair_orcish_takeover, serial_shops,
          nicolae_shop_window_shopping, nicolae_shop_statue_plus,
          nicolae_square_shop, shop, gammafunk_ghost_necromancy

Skill      XL: |  1  2  3  4  5  6  7  8  9 |
---------------+----------------------------+-----
Fighting       | 2 3 4 |  4.0
Staves         | 3 4 5 6 7 |  7.6
Dodging        | 3 4 5 |  5.0
Transmutations | 1 3 |  3.4
Translocations | 1 2 3 |  3.3
Fire Magic     | 1 3 |  3.4
Poison Magic   | 1 2 3 |  3.3
Spellcasting   | 1 2 3 |  3.0
Throwing       | |  1.7

Action                   |  1- 3 |  4- 6 |  7- 9 || total
-------------------------+-------+-------+-------++-------
Melee: Quarterstaff      |    54 |    45 |   155 ||   254
       Whip              |    26 |       |       ||    26
       Punch             |     1 |     1 |       ||     2
       Dagger            |    44 |    71 |     8 ||   123
       Lajatang          |       |    42 |       ||    42
  Use: Potion            |     4 |       |     4 ||     8
       Scroll            |       |    11 |     2 ||    13
 Stab: Sleeping          |     2 |     1 |       ||     3
       Distracted        |       |     1 |     2 ||     3
Armor: Leather armour    |    36 |    65 |    53 ||   154
       Skin              |       |       |    34 ||    34
Dodge: Dodged            |    96 |   115 |   140 ||   351
